AoeStats
← [KMNB] Bandeira

Lombardia

507358095Analyzed
3v3 RM · 16d ago on Sep 17, 2026· 18m 31s· 6 players
Game mode
Random Map
Map size
Normal (6 player)
Population
200
Speed
Normal
Resources
Standard
Victory
Conquest
Starting age
Dark Age
Ending age
Imperial Age
RankedLock teamsTeams togetherTeam positionsShared explorationLock speedFull tech treeHidden civsTurbo modeCheats
Victory
Defeat
🇧🇷 Ethiopians · Brazil
1571
+5
🇧🇷 Magyars · Brazil
1474
+8
🇧🇷 Britons · Brazil
1217
+17
🇵🇪 Inca · Peru
1322
-12
🇪🇸 Poles · Spain
1252
-9
🇵🇪 Japanese · Peru
1243
-9
Barrios
4:57 Loom
10:36 Feudal Age
14:47 Horse Collar
14:54 Double-Bit Axe
15:33 Bloodlines
Nitroshots
7:28 Loom
9:50 Feudal Age
11:45 Double-Bit Axe
14:32 Fletching
HoraceTBear
7:33 Loom
9:46 Feudal Age
16:08 Castle Age
14:44 Double-Bit Axe
[KMNB] Bandeira
7:29 Loom
9:37 Feudal Age
10:13 Double-Bit Axe
10:11 Horse Collar
15:09 Scale Barding Armor
Nbzinho
9:37 Feudal Age
10:09 Double-Bit Axe
12:30 Loom
13:31 Fletching
14:38 Padded Archer Armor
Fs.Khronos
4:37 Loom
8:34 Feudal Age
9:03 Double-Bit Axe
12:22 Fletching
Connection lost

Rejoining the realm…

Still unreachable

The connection could not be restored.

Session expired

The server has moved on; the page needs a fresh start.